 Dungeon Crawl Stone Soup version 0.17-a0-1738-g82cdc46 (webtiles) character file.

56 TuckyLangle the Shooter (level 3, -2/29 HPs)
             Began as a Centaur Hunter on Aug 30, 2015.
             Slain by TuckyLangle's ghost (4 damage)
             ... on level 3 of the Dungeon.
             The game lasted 00:05:30 (1907 turns).

TuckyLangle the Shooter (Centaur Hunter)            Turns: 1907, Time: 00:05:31

Health: -2/29      AC:  4    Str: 14    XL:     3   Next: 71%
Magic:  3/3        EV:  9    Int: 10    God:    Xom [.*....]
Gold:   83         SH:  0    Dex: 10    Spells: 0 memorised, 2 levels left

rFire  . . .     SeeInvis .     h - +1 short sword (flame)
rCold  . . .     Clarity  .     d - +0 leather armour
rNeg   . . .     SustAt   .     (no shield)
rPois  .         Gourm    .     (no helmet)
rElec  .         Spirit   .     (no cloak)
rCorr  .         Warding  .     (no gloves)
rMut   .         Stasis   .     (no barding)
MR     .....                    (no amulet)
Stlth  +.........               (no ring)
                                (no ring)

@: very quick, not resistant to hostile enchantments, very unstealthy
A: hooves 3, deformed body, speed 2, tough skin 3
a: Renounce Religion


You were on level 3 of the Dungeon.
You worshipped Xom.
You were a plaything of Xom.
You were not hungry.

You visited 1 branch of the dungeon, and saw 3 of its levels.

You collected 83 gold pieces.

Inventory:

Hand weapons
 a - a +1 shortbow
 c - a +0 short sword
 h - a +1 short sword of flaming (weapon)
Armour
 d - a +0 leather armour (worn)
 j - a +2 buckler
Jewellery
 n - an uncursed ring of positive energy {unknown}
 s - an uncursed ring of sustain attributes {unknown}
Scrolls
 f - 3 scrolls of remove curse {unknown}
 g - a scroll of blinking {unknown}
 k - 3 scrolls of enchant armour {unknown}
 m - a scroll of fog {unknown}
 o - 2 scrolls of recharging {unknown}
 p - 2 scrolls of identify {unknown}
 q - a scroll of amnesia {unknown}
Potions
 i - a potion of heal wounds {unknown}
 l - a potion of curing
 t - a potion of lignification {unknown}
Comestibles
 e - 2 bread rations


   Skills:
 - Level 2.0 Fighting
 * Level 7.2 Bows
 - Level 1.3 Dodging
 - Level 0.5 Stealth


You had 2 spell levels left.
You didn't know any spells.

Dungeon Overview and Level Annotations

Branches:
Dungeon (3/15)

Altars:
Qazlal
Xom
The Shining One

Annotations:
D:3 TuckyLangle's ghost, average HaHu


Innate Abilities, Weirdness & Mutations

You have hooves in place of feet.
Armour fits poorly on your strangely shaped body.
You cover ground very quickly.
You have extremely tough skin (AC +3).


Message History

The bat barely misses you. TuckyLangle's ghost hits you.
The hobgoblin closely misses you.
You barely miss TuckyLangle's ghost.
TuckyLangle's ghost is almost destroyed.
The bat hits you.
TuckyLangle's ghost hits you but does no damage.
The bat hits you. TuckyLangle's ghost hits you.
* * * LOW HITPOINT WARNING * * *
You are too injured to fight recklessly!
You are too injured to fight recklessly!
You are too injured to fight recklessly!
You are too injured to fight recklessly!
You are too injured to fight recklessly!
You miss TuckyLangle's ghost.
TuckyLangle's ghost is severely damaged.
The bat hits you.
* * * LOW HITPOINT WARNING * * *
The hobgoblin misses you. TuckyLangle's ghost hits you.
You die...
Xom chuckles heartily!

#....##.. #..<.#
...##.... #....#
......... ###....#
#........
#......###........
#........#........
#........#........
..........#........
...........@W.)(.((
..........#.g.#(.(.
..........#..b# (
..........#####
#........#
........# ........#
######.


You could see TuckyLangle's ghost, a hobgoblin and a bat.

Vanquished Creatures
  2 adders (D:2)
  An ooze (D:2)
  A worm (D:2)
  A giant gecko (D:2)
  4 bats
  2 giant cockroaches (D:2)
  3 hobgoblins
  3 kobolds
  2 ball pythons
  6 giant newts
  3 goblins (D:2)
  A jackal (D:2)
  2 rats
31 creatures vanquished.

Notes
Turn   | Place    | Note
--------------------------------------------------------------
     0 | D:1      | TuckyLangle the Centaur Hunter began the quest for the Orb.
     0 | D:1      | Reached XP level 1. HP: 17/17 MP: 1/1
   186 | D:1      | Reached XP level 2. HP: 24/24 MP: 2/2
   299 | D:1      | Reached skill level 6 in Bows
   425 | D:2      | Found a shimmering altar of Xom.
   441 | D:2      | Became a worshipper of Xom of Chaos
   648 | D:2      | Reached XP level 3. HP: 3/29 MP: 3/3
  1107 | D:2      | XOM is BORED!
  1107 | D:2      | XOM: harmless Summ miscast
  1164 | D:2      | Found a glowing golden altar of the Shining One.
  1265 | D:2      | Found a stormy altar of Qazlal.
  1308 | D:2      | XOM: divination: detect creatures
  1388 | D:2      | Reached skill level 7 in Bows
  1844 | D:2      | XOM: harmless Conj miscast
  1873 | D:3      | XOM: harmless Air miscast
  1890 | D:3      | Noticed TuckyLangle's ghost (average HaHu)
  1907 | D:3      | Slain by TuckyLangle's ghost

Vault maps used:
D:1:      tarquinn_simple_flora_water_f, wad_floor_pattern_2
D:2:      lemuel_doored_altar, lemuel_crystal_altar, old_standard_altar
D:3:      nemelex_deck, nicolae_ru_path_of_blood

Action                   || total
-------------------------++-------
Melee: Short sword       ||    51
 Fire: Shortbow          ||    97
  Use: Potion            ||     1
  Eat: Beef jerky        ||     1
